 Dungeon Crawl Stone Soup version 0.25.1-2-g60ff931df9 (webtiles) character file.

Game seed: 11032425113582401090

586 funkygono the Conjurer (level 7, -3/38 HPs)
             Began as a Gargoyle Conjurer on Sept 13, 2020.
             Slain by a wraith (5 damage)
             ... in an ossuary.
             The game lasted 00:09:17 (4361 turns).

funkygono the Conjurer (Gargoyle Conjurer)          Turns: 4361, Time: 00:09:18

Health: -3/38      AC:  6    Str: 12    XL:     7   Next: 37%
Magic:  6/13       EV: 16    Int: 17    God:
Gold:   181        SH:  0    Dex: 10    Spells: 11/14 levels left

rFire    . . .     SeeInvis .   j - +3 mace
rCold    . . .     Gourm    .   (no shield)
rNeg     + . .     Faith    .   a - +0 robe rPois āˆž Spirit .
                                (no helmet)
rElec    +         Reflect  .   (no cloak)
rCorr    .         Harm     .   (no gloves)
MR       .....                  (no boots)
Stlth    ++........             (no amulet)
HPRegen  0.12/turn              n - +4 ring of evasion
MPRegen  0.13/turn              (no ring)

@: hasted and slowed
A: negative energy resistance 1, electricity resistance, unbreathing,
petrification resistance, rot immunity, AC +4
a: no special abilities


You were in an ossuary.
You were near starving.

You visited 1 branch of the dungeon, and saw 4 of its levels.
You also visited: Ossuary.

You collected 181 gold pieces.

Inventory:

Hand Weapons
 j - a +3 mace (weapon)
Missiles
 h - 189 stones (quivered)
Armour
 a - a +0 robe (worn)
 k - a +2 buckler
 m - a cursed +0 ring mail
Jewellery
 n - a +4 ring of evasion (left hand)
Wands
 r - a wand of flame (17)
 v - a wand of polymorph (2)
Scrolls
 g - a scroll of enchant armour {unknown}
 l - 3 scrolls of fog {unknown}
 o - 2 scrolls of fear
 s - a scroll of identify
 u - a scroll of remove curse
Potions
 b - 3 potions of flight
 e - a potion of stabbing {unknown}
 f - a potion of lignification
 i - a potion of cancellation {unknown}
 p - 3 potions of curing {unknown}
 q - 2 potions of heal wounds {unknown}
 t - 2 potions of magic {unknown}
Comestibles
 c - 9 rations


   Skills:
 + Level 1.3 Fighting
 + Level 1.8 Maces & Flails
 + Level 2.4 Dodging
 - Level 3.0 Stealth
 + Level 4.1 Spellcasting
 + Level 7.1 Conjurations


You had 11 spell levels left.
You knew the following spells:

 Your Spells              Type           Power        Failure   Level  Hunger
a - Magic Dart            Conj           ####         1%          1    None
b - Searing Ray           Conj           ####..       1%          2    ##.....

Your spell library contained the following spells:

 Spells                   Type           Power        Failure   Level  Hunger
 Dazzling Flash           Conj/Hex       ###...       11%         3    ###....
 Fulminant Prism          Conj/Hex       ###.......   34%         4    ####...
 Iskenderun's Mystic Bla  Conj/Tloc      ###.....     34%         4    ####...


Dungeon Overview and Level Annotations

Branches:
Dungeon (4/15)            Ossuary (1/1)
 Temple: D:4-7

Altars:
Hepliaklqana
Kikubaaqudgha
Makhleb
Vehumet
Xom


Innate Abilities, Weirdness & Mutations

You are resistant to torment.
Your stone body is resilient. (AC +4)
You are immune to poison.
You resist negative energy. (rN+)
You are resistant to electric shocks. (rElec)
You can survive without breathing.
You are immune to petrification.
You are immune to rotting.


Message History

Aiming: Searing Ray (safe; 1% risk of failure)
Press: ? - help, Shift-Dir - straight line, f/p - wraith
Aim: a wraith (heavily damaged)
The searing ray misses the wraith. (Press . to maintain the ray.)
The wraith misses you. The wraith closely misses you.
The searing ray hits the wraith.
The wraith is heavily damaged.
The wraith misses you.
The searing ray misses the wraith.
The wraith closely misses you. The wraith misses you.
The searing ray hits the wraith but does no damage.
The wraith is heavily damaged.
You finish channeling your searing ray.
The wraith completely misses you. The wraith hits you.
* * * LOW HITPOINT WARNING * * *
The wraith hits you.
* * * LOW HITPOINT WARNING * * *
You feel yourself speed up. The wraith hits you.
You die...

#.............#
#.###.....###.#
#.#z#.....# #.#
#.###.....###.#
#.............#
#.............#
#.###.###.###.#
#.#W#.#z#.#.#.#
#.@##.###.##).#
#.............#
#######'#######
#.# ###.###
#zā–“.ā–“W#
###.### #.# #'#


You could see a wraith.

Vanquished Creatures
  A wraith (Ossuary)
  4 wights (Ossuary)
  A centaur zombie (Ossuary)
  3 hounds
  A worker ant (D:4)
  A mummy (D:4)
  4 adders
  3 worms
  3 dart slugs
  A leopard gecko (D:3)
  2 giant cockroaches
  10 goblins
  9 hobgoblins
  4 jackals
  7 kobolds
  A quokka (D:3)
  A ball python skeleton (Ossuary)
  7 bats
  3 frilled lizards
  3 hobgoblin zombies (Ossuary)
  A kobold zombie (Ossuary)
  An orc skeleton (Ossuary)
  8 rats
79 creatures vanquished.

Notes
Turn   | Place    | Note
-------+----------+-------------------------------------------
     0 | D:1      | funkygono the Gargoyle Conjurer began the quest for the
                  | Orb.
     0 | D:1      | Reached XP level 1. HP: 10/10 MP: 3/3
   115 | D:1      | Reached XP level 2. HP: 15/15 MP: 1/5
   167 | D:1      | Learned a level 2 spell: Searing Ray
   365 | D:1      | Reached skill level 5 in Conjurations
   578 | D:1      | Reached XP level 3. HP: 19/19 MP: 2/6
  1579 | D:2      | Reached XP level 4. HP: 24/24 MP: 3/7
  1910 | D:2      | Found a burning altar of Makhleb.
  2089 | D:2      | Found a shimmering altar of Xom.
  2090 | D:2      | Found a hazy altar of Hepliaklqana.
  2091 | D:2      | Noticed a spectral ugly thing
  2250 | D:3      | Found an ancient bone altar of Kikubaaqudgha.
  2450 | D:3      | Reached skill level 6 in Conjurations
  2450 | D:3      | Reached XP level 5. HP: 19/28 MP: 4/9
  2658 | D:3      | Found a faded altar of an unknown god.
  3105 | D:3      | Found a radiant altar of Vehumet.
  3583 | D:4      | Reached XP level 6. HP: 33/33 MP: 4/10
  3696 | D:4      | Found a sand-covered staircase.
  3724 | Ossuary  | Entered an ossuary
  3964 | Ossuary  | Reached skill level 1 in Fighting
  3964 | Ossuary  | Reached skill level 1 in Maces & Flails
  4052 | Ossuary  | Noticed a flying skull
  4052 | Ossuary  | Noticed a wraith
  4059 | Ossuary  | Noticed a flying skull
  4084 | Ossuary  | Noticed a flying skull
  4093 | Ossuary  | Noticed a wraith
  4102 | Ossuary  | Killed a wraith
  4102 | Ossuary  | Reached skill level 7 in Conjurations
  4102 | Ossuary  | Reached XP level 7. HP: 38/38 MP: 2/13
  4341 | Ossuary  | Noticed a flying skull
  4346 | Ossuary  | Noticed a wraith
  4361 | Ossuary  | Slain by a wraith

Illustrated notes

Levels and vault maps discovered:
D:1:      ncdulo_lavacross, layout_loops_cross, minmay_distorted
D:2:      layout_basic, regret_index_temple_of_mockery, fountainhead,
          makhleb_heckhound_becter
D:3:      layout_basic, lemuel_doored_altar, lemuel_round_altar,
          chequers_ecumenical_altar_island
D:4:      layout_rooms, minmay_temple_entry_poolview, gup_ossuary_entry_pyramid
Ossuary:  ossuary_due_cavern

Skill      XL: |  1  2  3  4  5  6 |
---------------+-------------------+-----
Conjurations   | 5 6 7 |  7.1
Spellcasting   | 3 4 |  4.1
Dodging        | 2 |  2.4
Fighting       | 1 |  1.3
Maces & Flails | 1 |  1.8
Stealth        | 3 |  3.0

Action                   |  1- 3 |  4- 6 |  7- 9 || total
-------------------------+-------+-------+-------++-------
Melee: Unarmed           |     2 |       |       ||     2
       Club              |     7 |       |       ||     7
       Whip              |    10 |    21 |       ||    31
       Mace              |       |     2 |     5 ||     7
 Cast: Magic Dart        |    51 |    61 |       ||   112
       Searing Ray       |     4 |    18 |     5 ||    27
  Use: Scroll            |     2 |     5 |       ||     7
       Potion            |       |       |     1 ||     1
  Eat: Chunk             |     3 |     8 |       ||    11
Armor: Robe              |    10 |    14 |     2 ||    26
Dodge: Dodged            |    20 |    39 |    19 ||    78
